 Dungeon Crawl Stone Soup version 0.32-a0-673-g3729bd50f8 (webtiles) character file.

Game seed: 13774700067743454728

44 Shayle the Apothecary (level 3, -1/36 HPs)
             Began as a Coglin Alchemist on Mar 10, 2024.
             Slain by a gnoll
             ... wielding a +0 spear
              (2 damage)
             ... on level 2 of the Dungeon.
             The game lasted 00:03:17 (1211 turns).

Shayle the Apothecary (Coglin Alchemist)            Turns: 1211, Time: 00:03:18

Health: -1/36      AC: 21    Str:  8    XL:     3   Next: 62%
Magic:  5/6        EV:  2    Int: 16    God:
Gold:   60         SH:  0    Dex: 14    Spells: 5/6 levels left

rFire   . . .        c - +0 short sword {Anan}
rCold   . . .        e - +0 dagger {Jeff}
rNeg    . . .        a - melded +0 robe
rPois   +            (helmet currently unavailable)
rElec   .            (cloak currently unavailable)
rCorr   .            (gloves currently unavailable)
SInv    .            (boots currently unavailable)
Will    .....        (no amulet)
Stlth   ++           (no ring)
HPRegen 0.26/turn    (no ring)
MPRegen 0.10/turn    (no gizmo)

%: no passive effects
@: tree-form, invisible, revving
A: stationary, stasis, torment immunity, boosted hp, off-hand wielding, slow
wielding, warmup strikes, (no jewellery)
a: Invent Gizmo


You were on level 2 of the Dungeon.
You were a tree.
You visited 1 branch of the dungeon, and saw 2 of its levels.

You collected 60 gold pieces.

Inventory:

Hand Weapons
 c - a +0 short sword (weapon) {Anan}
 e - a +0 dagger (offhand) {Jeff}
Armour
 a - a +0 robe (melded)
Scrolls
 d - a scroll of noise {unknown}
 h - a scroll of teleportation {unknown}
 i - a scroll of identify {unknown}
Potions
 b - 2 potions of magic


   Skills:
 + Level 2.3 Dodging
 - Level 1.5 Stealth
 + Level 2.2 Spellcasting
 + Level 1.5 Conjurations
 + Level 3.8 Alchemy


You had 5 spell levels left.
You knew the following spells:

 Your Spells              Type           Power      Damage    Failure   Level
a - Sting                 Conj/Alch      40%        1d5       7%          1

Your spell library contained the following spells:

 Spells                   Type           Power      Damage    Failure   Level
 Mercury Vapours          Alch/Air       14%        N/A       14%         2
 Mephitic Cloud           Conj/Alch/Air  7%         N/A       28%         3
 Olgreb's Toxic Radiance  Alch           13%        N/A       38%         4
 Sticky Flame             Fire/Alch      7%         2d4       67%         4


Dungeon Overview and Level Annotations

Branches:
Dungeon (2/15)

Altars:

Shops:
D:1 (


Innate Abilities, Weirdness & Mutations

You are a tree.
Your roots penetrate the ground, keeping you stationary.
You cannot be teleported.
You are immune to unholy pain and torment.
Your maximum health is greatly increased.
Your equipment is partially melded.
You can wield a second weapon in your off-hand.
It takes a long time for you to wield or remove held weapons.
Your first few attacks do less damage.
((You cannot equip rings or amulets.))


Message History

4 gnolls come into view.
Found 10 gold pieces and a quarterstaff.
The gnoll shouts! x3
A ball python comes into view.
The gnoll shouts!
The ball python hisses angrily.
The rat squeaks loudly.
The rat barely misses you.
The gnoll hits you from afar with a +0 halberd!
Ouch! That really hurt!
The gnoll hits you from afar with a +0 spear!
* * * LOW HITPOINT WARNING * * *
The rat attacks as it pursues you! The rat misses you.
It was a potion of lignification.
You turn into a tree.
Your +0 robe melds into your body.
Your roots penetrate the ground.
The rat bites you but does no damage. The gnoll hits you but does no damage.
It was a potion of invisibility.
You fade into invisibility!
The rat bites you.
* * * LOW HITPOINT WARNING * * *
The gnoll hits you but does no damage.
You hit the rat with your +0 short sword.
You kill the rat!
You hit the gnoll but do no damage.
You hit the gnoll with your +0 short sword.
The gnoll barely misses you.
You hit the gnoll but do no damage.
The gnoll is lightly wounded.
You closely miss the gnoll with your +0 short sword.
The gnoll hits you but does no damage.
The gnoll hits you from afar with a +0 halberd.
* * * LOW HITPOINT WARNING * * *
Unknown command.
Okay, then.
Casting: Sting (safe; 7% risk of failure)
Confirm with . or Enter, or press ? or * to list all spells.
Aiming: Sting (safe; 7% risk of failure)
Press: ? - help, Shift-Dir - straight line, f - gnoll
Aim: a gnoll, wielding a +0 spear (lightly wounded, unable to see you, 75% to hit)
The sting misses the gnoll.
The gnoll hits you with a +0 spear.
You die...

#.####....#..........#
#....+..........#
#....##.........#
..................
######............#
##############
########
#############.......
#gg♣........'.......
#g###########.......
#..gg$... #.......
#..g..... #.......
#..g..... #####...
#...S.).. ####
#........ ##.......
.......


You could see 3 gnolls.

Vanquished Creatures
  An adder (D:2)
  4 endoplasms
  6 goblins (D:1)
  3 hobgoblins (D:1)
  8 kobolds
  2 quokkas (D:1)
  A ball python (D:1)
  4 bats
  2 rats
31 creatures vanquished.

Notes
Turn   | Place    | Note
-------+----------+-------------------------------------------
     0 | D:1      | Shayle the Coglin Alchemist began the quest for the Orb.
     0 | D:1      | Reached XP level 1. HP: 13/13 MP: 3/3
   139 | D:1      | Reached skill level 1 in Conjurations
   233 | D:1      | Reached XP level 2. HP: 19/19 MP: 4/4
   496 | D:1      | Found Hehenuor's Weapon Shoppe.
   642 | D:1      | Reached XP level 3. HP: 24/24 MP: 6/6
  1210 | D:2      | HP: 1/36 [gnoll/+0 halberd (2)]
  1211 | D:2      | Slain by a gnoll

Illustrated notes

Levels and vault maps discovered:
D:1:      hellmonk_arrival_library, layout_basic, serial_shops,
          nicolae_shop_stone, nicolae_eternal_life, minivault_25,
          minmay_hexomino_r4
D:2:      layout_basic, minmay_liquid_box

Skill      XL: |  1  2 |
---------------+-------+-----
Conjurations   | 1 |  1.5
Dodging        | 2 |  2.3
Spellcasting   | 2 |  2.2
Stealth        | |  1.5
Alchemy        | |  3.8

Action                     || total
---------------------------++-------
  Melee: Dagger            ||    65
         Short sword       ||    63
         Unarmed           ||     1
   Cast: Sting             ||     6
    Use: Potion            ||     2
   Stab: Sleeping          ||     3
 Armour: Robe              ||    31
         Skin              ||     7
  Dodge: Dodged            ||    35

Table legend: (Time is in decaauts)
 A = Elapsed time spent in this place.
 B = Non-inter-level travel time spent in this place.
 C = Inter-level travel time spent in this place.
 D = Time resting spent in this place.
 E = Time spent auto-exploring this place.
 F = Levels seen in this place.
 G = Mean time per level.
                   A        B        C        D        E       F      G
               +--------+--------+--------+--------+--------+-----+--------+
         Total |   1210 |   1195 |     15 |     11 |    824 |   2 |  605.0 |
       Dungeon |   1210 |   1195 |     15 |     11 |    824 |   2 |  605.0 |
               +--------+--------+--------+--------+--------+-----+--------+

Top non-repeatable levels by time:
     D:1: 1086 daAuts
     D:2: 124 daAuts
